 Dungeon Crawl Stone Soup version 0.27-a0-562-g0d39f094a4 (webtiles) character file.

Game seed: 5412202806123490929

23 innerfire43 the Skirmisher (level 2, -1/23 HPs)
             Began as a Demonspawn Wanderer on Feb 18, 2021.
             Slain by a worm (5 damage)
             ... on level 2 of the Dungeon on Mar 9, 2021.
             The game lasted 00:01:59 (831 turns).

innerfire43 the Skirmisher (Demonspawn Wanderer)     Turns: 831, Time: 00:02:00

Health: -1/23      AC:  5    Str: 10    XL:     2   Next: 75%
Magic:  2/2        EV:  9    Int: 15    God:
Gold:   51         SH:  0    Dex: 12    Spells: 1/1 levels left

rFire    . . .     SeeInvis .   a - +0 shortbow
rCold    . . .     Faith    .   (shield currently unavailable)
rNeg     . . .     Spirit   .   h - +0 ring mail
rPois    .         Reflect  .   (no helmet)
rElec    .         Harm     .   (no cloak)
rCorr    .         Rampage  .   (no gloves)
Will     .....                  (no boots)
Stlth    +.........             (no amulet)
HPRegen  0.07/turn              (no ring)
MPRegen  0.08/turn              (no ring)

@: no status effects
A: powered by pain 1
a: no special abilities


You were on level 2 of the Dungeon.
You visited 1 branch of the dungeon, and saw 2 of its levels.

You collected 51 gold pieces.

Inventory:

Hand Weapons
 a - a +0 shortbow (weapon)
 f - a +0 dagger
Missiles
 c - 11 arrows (quivered ammo)
Armour
 e - a +0 robe
 h - a +0 ring mail (worn)
Jewellery
 d - a ring of protection from cold {unknown}
 i - an amulet of regeneration {unknown}
Scrolls
 b - a scroll of fog {unknown}
Potions
 g - a potion of curing {unknown}


   Skills:
 + Level 2.6 Fighting
 + Level 2.5 Bows
 + Level 1.0 Armour
 + Level 1.8 Stealth
 + Level 1.0 Conjurations
 + Level 2.0 Hexes


You had one spell level left.
You didn't know any spells.
Your spell library contained the following spells:

 Spells                   Type           Power      Damage    Failure   Level
 Corona                   Hex            6%         N/A       30%         1
 Shock                    Conj/Air       4%         1d3       50%         1
 Ensorcelled Hibernation  Hex/Ice        6%         N/A       56%         2
 Confusing Touch          Hex            6%         N/A       65%         3
 Tukima's Dance           Hex            6%         N/A       65%         3
 Dazzling Flash           Conj/Hex       8%         N/A       73%         3
 Stone Arrow              Conj/Erth      2%         3d7       86%         3


Dungeon Overview and Level Annotations

Branches:
Dungeon (2/15)

Altars:


Innate Abilities, Weirdness & Mutations

You sometimes gain a little power by taking damage.


Message History

The worm is severely wounded.
The worm closely misses you.
You shoot an arrow. The arrow completely misses the worm.
The worm bites you but does no damage.
You shoot an arrow. The arrow hits the worm.
The worm is severely wounded.
You shoot an arrow. The arrow hits the worm.
The worm is almost dead.
The worm bites you!
* * * LOW HITPOINT WARNING * * *
You are too injured to fight recklessly!
You are too injured to fight recklessly!
Welcome back, innerfire43 the Demonspawn Wanderer.
Press ? for a list of commands and other information.
Really attack while wielding your +0 shortbow?
Okay, then.
You are too injured to fight recklessly!
You are too injured to fight recklessly!
You are too injured to fight recklessly!
You are too injured to fight recklessly!
You are too injured to fight recklessly!
The worm bites you but does no damage.
Really attack while wielding your +0 shortbow? [Y]es or [N]o only, please.
Really attack while wielding your +0 shortbow?
You completely miss the worm.
The worm is severely wounded.
You clumsily bash the worm but do no damage.
The worm is severely wounded.
The worm closely misses you.
You clumsily bash the worm but do no damage.
The worm is severely wounded.
The worm closely misses you.
You clumsily bash the worm but do no damage.
The worm is heavily wounded.
The worm barely misses you.
You clumsily bash the worm but do no damage.
The worm is heavily wounded.
The worm bites you.
You die...

#.# #.### #.#..
#.#.# ### #.#.#
.....##.#.###
#........# ###
##.....#.##.....
##....#@w.(...#
##.#....(.(#.#
#.#######.# #.#
.. #+# .# #


You could see a worm.

Vanquished Creatures
  An adder (D:2)
  3 leopard geckos (D:2)
  A bat (D:2)
  2 goblins (D:2)
  A ball python (D:2)
  2 frilled lizards
  2 kobolds (D:1)
12 creatures vanquished.

Notes
Turn   | Place    | Note
-------+----------+-------------------------------------------
     0 | D:1      | innerfire43 the Demonspawn Wanderer began the quest for the
                  | Orb.
     0 | D:1      | innerfire43 set off with the following items: a +0
                  | shortbow, 24 arrows, a +0 robe, a +0 dagger; and the
                  | following spells available to memorise: Corona, Shock,
                  | Ensorcelled Hibernation, Confusing Touch, Tukima's Dance,
                  | Dazzling Flash, Stone Arrow
     0 | D:1      | Reached XP level 1. HP: 16/16 MP: 1/1
   140 | D:1      | You fall into a shaft and drop 1 floor!
   354 | D:2      | Gained mutation: You sometimes gain a little power by
                  | taking damage. [demonic ancestry]
   354 | D:2      | Reached XP level 2. HP: 23/23 MP: 2/2
   826 | D:2      | Upgraded the game from 0.27-a0-385-g3208abaabc to
                  | 0.27-a0-562-g0d39f094a4
   831 | D:2      | Slain by a worm

Illustrated notes

Levels and vault maps discovered:
D:1:      saegor_arrival_simple_e, layout_basic
D:2:      layout_loops_corners

Skill      XL: |  1 |
---------------+----+-----
Bows           | 2 |  2.5
Fighting       | |  2.6
Armour         | |  1.0
Stealth        | |  1.8
Conjurations   | |  1.0
Hexes          | |  2.0

Action                   || total
-------------------------++-------
Melee: Shortbow          ||     5
 Fire: Shortbow          ||    44
Armor: Robe              ||     3
       Ring mail         ||     3
Dodge: Dodged            ||     7

Table legend: (Time is in decaauts)
 A = Elapsed time spent in this place.
 B = Non-inter-level travel time spent in this place.
 C = Inter-level travel time spent in this place.
 D = Time resting spent in this place.
 E = Time spent auto-exploring this place.
 F = Levels seen in this place.
 G = Mean time per level.
                   A        B        C        D        E       F      G
               +--------+--------+--------+--------+--------+-----+--------+
         Total |    841 |    841 |      0 |      0 |    726 |   2 |  420.5 |
       Dungeon |    841 |    841 |      0 |      0 |    726 |   2 |  420.5 |
               +--------+--------+--------+--------+--------+-----+--------+

Top non-repeatable levels by time:
     D:2: 700 daAuts
     D:1: 140 daAuts
